 Dungeon Crawl Stone Soup version 0.30.1-11-g7821555f0a (webtiles) character file.

Game seed: 16412315410204100942

42 flappity the Stinger (level 3, -9/28 HPs)
             Began as a Naga Venom Mage on Nov 16, 2023.
             Was a Follower of Makhleb.
             Mangled by Robin
             ... wielding a +2 heavy mace
              (13 damage)
             ... on level 2 of the Dungeon.
             The game lasted 00:08:02 (1632 turns).

flappity the Stinger (Naga Venom Mage)              Turns: 1632, Time: 00:08:02

Health: -9/28      AC:  2    Str: 10    XL:     3   Next: 56%
Magic:  1/6        EV: 10    Int: 17    God:    Makhleb [*.....]
Gold:   103        SH:  0    Dex: 11    Spells: 0/6 levels left

rFire   . . .        k - +0 whip
rCold   . . .        (no shield)
rNeg    . . .        a - +0 robe
rPois   +            (no helmet)
rElec   .            (no cloak)
rCorr   .            (no gloves)
SInv    +            (no barding)
Will    .....        (no amulet)
Stlth   ++           (no ring)
HPRegen 0.24/turn    (no ring)
MPRegen 0.10/turn

%: no passive effects
@: very slow
A: AC +1, large, see invisible, deformed body, poison resistance, slowness 2,
spit poison 1, naga tail 1
a: Spit Poison, Renounce Religion


You were on level 2 of the Dungeon.
You worshipped Makhleb.
Makhleb was aware of your devotion.
You visited 1 branch of the dungeon, and saw 2 of its levels.

You collected 103 gold pieces.


Innate Abilities, Weirdness & Mutations

Your serpentine skin is tough. (AC +1)
You have supernaturally acute eyesight. (SInv)
Armour fits poorly on your strangely shaped body.
Your system is resistant to poisons. (rPois)
You cover ground very slowly.
You can spit poison.
You have a snake-like lower body.


   Skills:
 + Level 0.1 Fighting
 + Level 1.9 Dodging
 - Level 3.6 Stealth
 * Level 2.4 Spellcasting
 + Level 1.5 Transmutations
 + Level 4.5 Poison Magic


You couldn't memorise any spells.
You knew the following spells:

 Your Spells              Type           Power      Damage    Failure   Level
a - Sting                 Tmut/Pois      48%        1d5       5%          1
b - Poisonous Vapours     Pois/Air       18%        N/A       11%         2
x - Mephitic Cloud        Conj/Pois/Air  7%         N/A       30%         3

Your spell library contained the following spells:

 Spells                   Type           Power      Damage    Failure   Level
 Olgreb's Toxic Radiance  Pois           17%        N/A       28%         4
 Simulacrum               Ice/Necr       1%         N/A       100%        6
 Ozocubu's Refrigeration  Ice            1%         4d7       100%        7
 Polar Vortex             Ice            1%         N/A       100%        9

Inventory:

Hand Weapons
 e - a +0 club
 j - a +0 dagger
 k - a +0 whip (weapon)
Armour
 a - a +0 robe (worn)
Scrolls
 d - 2 scrolls of identify {unknown}
 h - a scroll of fog {unknown}
Potions
 b - a potion of magic
 f - a potion of attraction {unknown}
 g - a potion of flight {unknown}
 i - 2 potions of brilliance
 l - a potion of degeneration {unknown}
 m - a potion of might {unknown}


Message History

You see here a +0 club.
A goblin comes into view. It is wielding a +0 dagger.
Things that are here:
a +0 dagger; a +0 dagger; a goblin corpse You see here a +0 club.
Cast which spell? (? or * to list)
Aiming: Poisonous Vapours (safe; 11% risk of failure)
Press: ? - help, Dir - move target, f - goblin
Aim: a goblin, wielding a +0 dagger Poisonous vapours surround the goblin!
The goblin is poisoned.
The goblin closely misses you.
You closely miss the goblin. The goblin hits you with a +0 dagger.
You take 4 damage.
You hit the goblin.
You kill the goblin!
Makhleb accepts your kill.
You start resting.
Robin is nearby!
Cast which spell? (? or * to list)
Aiming: Poisonous Vapours (safe; 11% risk of failure)
Press: ? - help, Dir - move target, f - Robin
Aim: Robin, wielding a +2 heavy mace, wearing a +0 animal skin and wearing a +0 helmet (wandering, hasn't noticed you) Poisonous vapours surround Robin!
Robin is poisoned.
Robin shouts!
You hear a shout! x2
Robin says, "Duck!"
Cast which spell? (? or * to list)
You don't have enough magic to cast this spell.
Robin looks more healthy.
Robin points. "Kill!"
You hit Robin.
Robin is severely wounded.
Robin hits you with a +2 heavy mace.
You take 6 damage.
You closely miss Robin.
Robin is severely wounded.
Robin hits you with a +2 heavy mace!
You take 12 damage.
Cast which spell? (? or * to list)
You don't have enough magic to cast this spell.
Unknown command.
Robin attacks as you move away! Robin hits you with a +2 heavy mace.
You take 4 damage.
It was a potion of brilliance.
You feel clever all of a sudden.
It was a potion of cancellation.
Your magical effects are unravelling.
You feel magically purged.
You feel a little less clever now. Robin hits you with a +2 heavy mace!
You die...

▒∙∙∙∙∙%∙∙∙∙▒▒∙▒▒∙∙∙∙∙∙∙▒∙∙∙
▒∙▒▒∙∙∙∙∙∙%∙∙∙∙∙∙∙∙∙∙∙∙∙∙⌠∙
▒∙▒▒∙▒▒▒▒▒∙▒▒∙▒▒▒∙∙∙∙∙∙▒∙∙∙
▒∙)∙∙∙∙∙∙▒∙▒∙∙∙∙∙∙▒▒▒▒▒▒▒∙▒
▒▒▒▒∙▒▒▒∙▒∙▒▒▒▒▒▒▒▒▒∙∙∙▒∙∙∙
▒∙∙∙▒∙∙∙∙∙∙∙∙∙∙▒▒∙>∙∙∙8∙
▒▒▒∙▒▒∙▒▒▒▒▒▒▒▒▒▒∙∙∙▒∙∙∙
▒∙▒∙▒▒∙▒▒▒ ▒▒▒▒▒▒∙▒
▒∙▒∙▒▒∙N∙▒ ▒∙∙∙ ▒∙∙∙▒▒▒▒g▒
▒∙>∙ ▒▒∙)∙∙∙∙∙▒ ▒∙∙∙
▒▒∙▒▒▒▒▒▒▒ ▒▒▒▒ ▒∙∙)∙▒
▒▒▒▒g▒ ▒∙∙g∙∙g∙∙∙∙∙∙∙
▒▒▒▒▒▒∙▒▒▒▒▒▒▒ ▒∙▒


You could see Robin.

Vanquished Creatures
  A dart slug (D:1)
  9 bats
  2 endoplasms (D:1)
  5 giant cockroaches (D:1)
  6 goblins
  4 hobgoblins
  A kobold (D:2)
  2 ball pythons (D:1)
  2 frilled lizards
  4 rats
36 creatures vanquished.

Notes
Turn   | Place    | Note
-------+----------+-------------------------------------------
     0 | D:1      | flappity the Naga Venom Mage began the quest for the Orb.
     0 | D:1      | Reached XP level 1. HP: 15/15 MP: 3/3
    52 | D:1      | HP: 3/15 [frozen (3)]
   226 | D:1      | Reached XP level 2. HP: 22/22 MP: 0/5
   291 | D:1      | Learned a level 2 spell: Poisonous Vapours
   669 | D:1      | Reached XP level 3. HP: 28/28 MP: 1/6
   838 | D:1      | Found Zesach's Distillery.
  1221 | D:1      | Found a faded altar of an unknown god.
  1262 | D:1      | Prayed at the altar of an unknown god.
  1262 | D:1      | Became a worshipper of Makhleb the Destroyer
  1262 | D:1      | Reached * piety under Makhleb
  1410 | D:2      | Learned a level 3 spell: Mephitic Cloud
  1611 | D:2      | Noticed Robin
  1629 | D:2      | HP: 8/28 [Robin/+2 heavy mace (13)]
  1632 | D:2      | Mangled by Robin

Levels and vault maps discovered:
D:1:      saegor_arrival_simple_b, layout_basic, serial_shops, shop,
          serial_curves, eino_curves_04, eino_curves_04,
          dreamdust_ecumenical_altar_hidden_monk_grotto
D:2:      layout_basic, nicolae_elevator_lobby_plus, uniq_robin

Action                     || total
---------------------------++-------
  Melee: Unarmed           ||    22
         Club              ||    16
         Whip              ||     7
         Dagger            ||     4
   Cast: Sting             ||    19
         Poisonous Vapours ||    27
    Use: Potion            ||     2
 Armour: Robe              ||     9
  Dodge: Dodged            ||    34
